 Dungeon Crawl Stone Soup version 0.30-a0-629-gd54f4be4f7 (webtiles) character file.

Game seed: 14723029757124071815

418 bande the Chopper (level 6, -3/39 HPs)
             Began as a Gargoyle Fighter on Jan 13, 2023.
             Slain by a mummy (10 damage)
             ... in an ossuary.
             The game lasted 00:04:24 (2278 turns).

bande the Chopper (Gargoyle Fighter)                Turns: 2278, Time: 00:04:24

Health: -3/39      AC: 11    Str: 19    XL:     6   Next: 93%
Magic:  6/6        EV:  9    Int:  9    God:
Gold:   868        SH:  4    Dex: 11    Spells: 5/5 levels left

rFire   . . .      SeeInvis .    a - +0 war axe
rCold   . . .      Faith    .    c - +0 buckler
rNeg    + . .      Spirit   .    b - +0 scale mail
rPois   ∞          Reflect  .    (no helmet)
rElec   +          Harm     .    (no cloak)
rCorr   .          Rampage  .    (no gloves)
Will    .....                    (no boots) Stlth
                                 (no amulet)
HPRegen 0.26/turn                (no ring)
MPRegen 0.10/turn                (no ring)

@: no status effects
A: sickness immunity, AC +4, negative energy resistance 1, electricity
resistance, torment resistance 1, petrification resistance
a: no special abilities


You were in an ossuary.
You visited 1 branch of the dungeon, and saw 4 of its levels.
You also visited: Ossuary.

You collected 868 gold pieces.

Inventory:

Hand Weapons
 a - a +0 war axe (weapon)
Armour
 b - a +0 scale mail (worn)
 c - a +0 buckler (worn)
Jewellery
 h - an amulet of magic regeneration
Scrolls
 g - 2 scrolls of teleportation
 m - a scroll of fear
Potions
 d - a potion of might
 f - a potion of heal wounds {unknown}
 i - 3 potions of curing
 l - a potion of cancellation {unknown}
 n - a potion of flight {unknown}
 p - a potion of magic {unknown}
 q - a potion of haste {unknown}


   Skills:
 + Level 4.5 Fighting
 + Level 5.0 Axes
 + Level 4.4 Armour
 + Level 3.9 Shields


You had 5 spell levels left.
You didn't know any spells.
Your spell library contained the following spells:

 Spells                   Type           Power      Damage    Failure   Level
 Freeze                   Ice            0%         1d3       83%         1
 Ensorcelled Hibernation  Hex/Ice        0%         N/A       93%         2
 Passwall                 Tmut/Erth      0%         N/A       93%         2
 Frozen Ramparts          Ice            0%         1d1       99%         3
 Hailstorm                Conj/Ice       0%         3d3       99%         3
 Swiftness                Air            0%         N/A       99%         3
 Petrify                  Tmut/Erth      0%         N/A       100%        4
 Metabolic Englaciation   Hex/Ice        0%         N/A       100%        5
 Statue Form              Tmut/Erth      Unusable   N/A       N/A         6

Dungeon Overview and Level Annotations

Branches:
Dungeon (4/15)            Ossuary (1/1)
 Temple: D:4-7

Altars:
Sif Muna
The Shining One


Innate Abilities, Weirdness & Mutations

You are immune to sickness and miasma.
Your stone body is resilient. (AC +4)
You are immune to poison.
You resist negative energy. (rN+)
You are resistant to electric shocks. (rElec)
You are resistant to unholy torment.
You are immune to petrification.


Message History

The mummy is severely damaged.
You slash the mummy! The mummy hits you.
* * * LOW HITPOINT WARNING * * *
The mummy hits you.
* * * LOW HITPOINT WARNING * * *
You slash the mummy!
You destroy the mummy!
You hit the mummy.
You destroy the mummy!
Your Axes skill increases to level 5!
You start resting.
A mummy comes into view.
A mummy is nearby!
A mummy is nearby!
A mummy is nearby!
There is an open door here.
You start resting.
A mummy is nearby!
A mummy is nearby!
A mummy is nearby!
You slash the mummy!
The mummy is severely damaged.
The mummy hits you.
* * * LOW HITPOINT WARNING * * *
You hit the mummy but do no damage.
The mummy is severely damaged.
You barely miss the mummy.
The mummy is severely damaged.
The mummy hits you.
* * * LOW HITPOINT WARNING * * *
You slash the mummy!
You destroy the mummy!
A mummy comes into view.
There is an open door here.
There is an open door here.
There is an empty arch of ancient stone here.
You barely miss the mummy.
A killer bee zombie comes into view.
The mummy hits you!
You die...

##### #∩..#
#.@.# #.M.#
+
#'##'##'##.#
..M....Z...+
'#'#'#'#'#'#
# #.#.# #
#####


You could see a mummy and a killer bee zombie (wandering).

Vanquished Creatures
  A water moccasin zombie (Ossuary)
  3 elf skeletons (D:4)
  7 mummies (Ossuary)
  3 adders
  2 worms
  A dart slug (D:2)
  3 bats
  4 endoplasms
  A giant cockroach (D:3)
  2 goblins
  7 hobgoblins
  A jackal (D:3)
  6 quokkas
  5 ball pythons
  4 frilled lizards
  6 kobolds
  An orc skeleton (D:4)
  2 orc zombies (D:4)
  7 rats
66 creatures vanquished.

Vanquished Creatures (others)
  5 withered plants (Ossuary)
5 creatures vanquished.

Grand Total: 71 creatures vanquished

Notes
Turn   | Place    | Note
-------+----------+-------------------------------------------
     0 | D:1      | bande the Gargoyle Fighter began the quest for the Orb.
     0 | D:1      | Reached XP level 1. HP: 14/14 MP: 1/1
    86 | D:1      | Found a faded altar of an unknown god.
   153 | D:1      | Reached XP level 2. HP: 19/19 MP: 2/2
   218 | D:1      | Reached skill level 2 in Axes
   946 | D:2      | Reached XP level 3. HP: 24/24 MP: 3/3
  1416 | D:2      | Reached XP level 4. HP: 28/29 MP: 4/4
  1476 | D:2      | Identified the +1 ring mail "Manom" {Regen+ Int-3 Dex+3
                  | Stlth+}
  1683 | D:3      | Found a glowing golden altar of the Shining One.
  1683 | D:3      | Found a shimmering blue altar of Sif Muna.
  1774 | D:3      | Reached skill level 3 in Axes
  1941 | D:4      | Identified a scroll of acquirement
  1941 | D:4      | Acquired 706 gold pieces
  2095 | D:4      | Reached XP level 5. HP: 15/33 MP: 5/5
  2120 | D:4      | Reached skill level 4 in Axes
  2162 | D:4      | Reached XP level 6. HP: 20/39 MP: 6/6
  2166 | D:4      | Found a sand-covered staircase.
  2172 | Ossuary  | Entered an ossuary
  2245 | Ossuary  | Reached skill level 5 in Axes
  2278 | Ossuary  | Slain by a mummy

Illustrated notes

Levels and vault maps discovered:
D:1:      minmay_arrival_checkered_box, layout_basic,
          ebering_ecumenical_altar_mist
D:2:      layout_basic, kennysheep_pointless_box, minmay_quadrilaterals
D:3:      minmay_chambers_of_twos, layout_rooms, grunt_temple_overflow_open,
          kennysheep_generic_room_2
D:4:      layout_basic, nicolae_ossuary_entry_catacombs, minmay_misc_feat_rows,
          dreamdust_princess_corridor, grunt_ministairs_7
Ossuary:  ossuary_zaba_flooded

Skill      XL: |  1  2  3  4  5  6 |
---------------+-------------------+-----
Axes           | 2 3 4 5 |  5.0
Fighting       | 4 |  4.5
Armour         | 4 |  4.4
Shields        | |  3.9

Action                   |  1- 3 |  4- 6 || total
-------------------------+-------+-------++-------
Melee: War axe           |    79 |   141 ||   220
  Use: Scroll            |       |     6 ||     6
Armor: Scale mail        |    34 |    62 ||    96
Dodge: Dodged            |    36 |    43 ||    79
Block: Buckler           |    11 |    24 ||    35

Table legend: (Time is in decaauts)
 A = Elapsed time spent in this place.
 B = Non-inter-level travel time spent in this place.
 C = Inter-level travel time spent in this place.
 D = Time resting spent in this place.
 E = Time spent auto-exploring this place.
 F = Levels seen in this place.
 G = Mean time per level.
                   A        B        C        D        E       F      G
               +--------+--------+--------+--------+--------+-----+--------+
         Total |   2363 |   2363 |      0 |     40 |   1683 |   5 |  472.6 |
       Dungeon |   2247 |   2247 |      0 |      0 |   1674 |   4 |  561.8 |
       Ossuary |    116 |    116 |      0 |     40 |      9 |   1 |  116.0 |
               +--------+--------+--------+--------+--------+-----+--------+

Top non-repeatable levels by time:
     D:1: 944 daAuts
     D:2: 776 daAuts
     D:3: 268 daAuts
     D:4: 258 daAuts
 Ossuary: 116 daAuts
